 Dungeon Crawl Stone Soup version 0.28.0-53-g5a82cb258f (webtiles) character file.

Game seed: 4209229680696452051

86 DocClef the Chopper (level 4, -3/35 (39) HPs)
             Began as a Minotaur Fighter on July 2, 2022.
             Was an Initiate of Okawaru.
             Slain by a wight
             ... wielding a +3 trident
              (6 damage)
             ... on level 3 of the Dungeon.
             The game lasted 00:03:10 (2707 turns).

DocClef the Chopper (Minotaur Fighter)              Turns: 2707, Time: 00:03:10

HP:   -3/35 (39)    AC:  7    Str: 23    XL:     4   Next: 27%
MP:   3/3           EV:  9    Int:  5    God:    Okawaru [......]
Gold: 120           SH:  4    Dex:  9    Spells: 3/3 levels left

rFire   . . .      SeeInvis .   l - +0 broad axe
rCold   . . .      Faith    .   c - +0 buckler
rNeg    . . .      Spirit   .   b - +0 scale mail
rPois   .          Reflect  .   g - +1 hat
rElec   .          Harm     .   (no cloak)
rCorr   .          Rampage  .   (no gloves)
Will    .....                   (no boots)
Stlth   ..........              (no amulet)
HPRegen 0.11/turn               (no ring)
MPRegen 0.08/turn               (no ring)

@: heavily drained
A: horns 2, retaliatory headbutt
a: Renounce Religion


You were on level 3 of the Dungeon.
You worshipped Okawaru.
Okawaru was noncommittal.
You visited 1 branch of the dungeon, and saw 3 of its levels.

You collected 120 gold pieces.

Inventory:

Hand Weapons
 a - a +0 war axe
 l - a +0 broad axe (weapon)
Armour
 b - a +0 scale mail (worn)
 c - a +0 buckler (worn)
 g - a +1 hat (worn)
Scrolls
 e - a scroll of immolation {unknown}
 f - a scroll of magic mapping {unknown}
 i - 2 scrolls of identify {unknown}
 j - a scroll of vulnerability {unknown}
 m - a scroll of teleportation {unknown}
Potions
 d - a potion of might
 h - a potion of resistance {unknown}
 k - a potion of invisibility {unknown}


   Skills:
 - Level 3.6 Fighting
 + Level 5.5 Axes
 - Level 3.6 Armour
 - Level 3.6 Shields


You had 3 spell levels left.
You didn't know any spells.
Your spell library contained the following spells:

 Spells                   Type           Power      Damage    Failure   Level
 Gell's Gravitas          Tloc           0%         N/A       99%         3
 Lesser Beckoning         Tloc           0%         N/A       99%         3
 Teleport Other           Tloc           0%         N/A       99%         3
 Anguish                  Hex/Necr       0%         N/A       100%        4
 Blade Hands              Tmut           0%         N/A       100%        5
 Iron Shot                Conj/Erth      0%         9d1       100%        6
 Enfeeble                 Hex            0%         N/A       100%        7
 Tukima's Dance           Hex            Unusable   N/A       N/A         3
 Animate Armour           Summ/Erth      Unusable   N/A       N/A         4

Dungeon Overview and Level Annotations

Branches:
Dungeon (3/15)

Altars:
Okawaru
Vehumet


Innate Abilities, Weirdness & Mutations

You have a pair of horns on your head.
You reflexively headbutt those who attack you in melee.


Message History

You kill the hobgoblin!
Okawaru accepts your kill.
No target in view!
No target in view!
An endoplasm comes into view.
Found a stone staircase leading down.
The endoplasm quivers.
You see here 8 gold pieces.
An endoplasm is nearby!
An endoplasm is nearby!
An endoplasm is nearby!
An endoplasm is nearby!
You slash the endoplasm!
You kill the endoplasm!
Okawaru accepts your kill.
No target in view!
No target in view!
You now have 120 gold pieces (gained 8). 3 wights and an endoplasm come into view.
The endoplasm quivers.
There are monsters nearby!
There are monsters nearby!
There are monsters nearby!
There are monsters nearby!
A wight comes into view. It is wielding a +2 great sword.
Found a stone staircase leading down.
There is an escape hatch in the ceiling here.
You slash the wight!
You headbutt the wight, but do no damage.
The wight is heavily damaged.
You slash the endoplasm!
You kill the endoplasm!
Okawaru accepts your kill. The wight hits you with a +3 battleaxe!
You feel drained. The wight hits you with a +3 battleaxe!
* * * LOW HITPOINT WARNING * * *
You feel drained.
* * * LOW HITPOINT WARNING * * *
The wight hits you from afar with a +3 trident.
You die...

.......z# ... .......
....>...# #.# #....
......zz###.# #. #....
.......J....# #.# #....
........###.###.# ####..(.
........##.....# #.......
........##z....# #....###
........##.....####....###
.......zz@................
#.....####..#....^.....##.
##### #................
##.##..........###
#####..##...........##
#...................##
#.....................
#.....................
#............(.....#..


You could see 3 wights.

Vanquished Creatures
  Robin (D:3)
  3 dart slugs
  2 orcs (D:2)
  5 endoplasms
  5 giant cockroaches
  11 goblins
  11 hobgoblins
  5 jackals
  5 kobolds
  A quokka (D:2)
  A ball python (D:1)
  3 bats (D:1)
  A frilled lizard (D:2)
  3 rats
57 creatures vanquished.

Notes
Turn   | Place    | Note
-------+----------+-------------------------------------------
     0 | D:1      | DocClef the Minotaur Fighter began the quest for the Orb.
     0 | D:1      | Reached XP level 1. HP: 19/19 MP: 0/0
    53 | D:1      | Reached skill level 3 in Axes
   181 | D:1      | Reached XP level 2. HP: 22/26 MP: 1/1
   732 | D:1      | Reached skill level 4 in Axes
   839 | D:1      | You fall into a shaft and drop 1 floor!
   963 | D:2      | Reached XP level 3. HP: 24/31 MP: 2/2
  2068 | D:2      | Found an iron altar of Okawaru.
  2360 | D:2      | Became a worshipper of Warmaster Okawaru
  2376 | D:3      | Noticed Robin
  2385 | D:3      | Reached skill level 5 in Axes
  2387 | D:3      | Killed Robin
  2392 | D:3      | Reached XP level 4. HP: 33/39 MP: 3/3
  2637 | D:3      | Found a radiant altar of Vehumet.
  2707 | D:3      | Slain by a wight

Illustrated notes

Levels and vault maps discovered:
D:1:      amcnicky_arrival_underground_garden, layout_basic, minmay_surrounded
D:2:      kennysheep_big_flooded_room, layout_loops_corners, basic_altar,
          minmay_worlds_worst_comb
D:3:      layout_rooms, mainiacjoe_overflow_tiny_flanked, minivault_24,
          uniq_robin

Skill      XL: |  1  2  3 |
---------------+----------+-----
Axes           | 3 4 5 |  5.5
Fighting       | |  3.6
Armour         | |  3.6
Shields        | |  3.6

Action                   |  1- 3 |  4- 6 || total
-------------------------+-------+-------++-------
Melee: War axe           |    89 |    10 ||    99
       Headbutt          |    12 |     4 ||    16
       Broad axe         |       |     9 ||     9
Armor: Scale mail        |    46 |    10 ||    56
Dodge: Dodged            |    33 |     6 ||    39
Block: Buckler           |    16 |     8 ||    24
